| TOP OF THE 1ST |
|
Montgomery Biscuits batting - Pitching for Corpus Christi Hooks : RHP Andy Harrigan
|
|
Pitching: RHP Andy Harrigan
|
|
|
Batting: RHB Adam Turpin
|
0-0: Ball 1-0: Called Strike 1-1: Ball 2-1: Ground out 6-3 (Groundball, 6S, EV 71.2 MPH)
|
|
Batting: RHB Chris Thorson
|
0-0: Ball 1-0: Ball 2-0: Called Strike 2-1: Ball 3-1: Foul Ball, location: 2F 3-2: Base on Balls
|
|
Batting: SHB Wayne Hattan
|
0-0: Called Strike 0-1: Ball 1-1: Foul Ball, location: 2F 1-2: Ball Wild Pitch! Chris Thorson to second 2-2: Foul Ball, location: 2F 2-2: Strikes out swinging
|
|
Batting: RHB Freddy Mullen
|
0-0: Called Strike 0-1: Ball 1-1: Foul Ball, location: 2F 1-2: Ground out 6-3 (Groundball, 6, EV 97.5 MPH)
|
| Top of the 1st over - 0 runs, 0 hits, 0 errors, 1 left on base; Montgomery 0 - Corpus Christi 0 |
| BOTTOM OF THE 1ST |
|
Corpus Christi Hooks batting - Pitching for Montgomery Biscuits : RHP Julio Trejo
|
|
Pitching: RHP Julio Trejo
|
|
|
Batting: RHB Xavier Castaneda
|
0-0: Ground out 5-3 (Groundball, 56, EV 78.8 MPH)
|
|
Batting: LHB Glenn Lowther
|
0-0: Swinging Strike 0-1: Ball 1-1: Called Strike 1-2: Ball 2-2: Foul Ball, location: 2F 2-2: Ball 3-2: Foul Ball, location: 2F 3-2: Base on Balls
|
|
Batting: LHB Bob Dietz
|
0-0: Ball Glenn Lowther steals 2nd base 1-0: Called Strike 1-1: Ball 2-1: SINGLE (Line Drive, 5D, EV 102.5 MPH) Glenn Lowther to third Runner from 3rd tries for Home, SAFE, throw by LF to home
|
|
Batting: RHB Duncan Collins
|
0-0: Ball 1-0: Ball 2-0: Called Strike 2-1: Called Strike 2-2: Ball 3-2: Grounds into double play, 6-4-3 (Groundball, 6, EV 90.0 MPH)
|
| Bottom of the 1st over - 1 run, 1 hit, 0 errors, 0 left on base; Montgomery 0 - Corpus Christi 1 |
| TOP OF THE 2ND |
|
Montgomery Biscuits batting - Pitching for Corpus Christi Hooks : RHP Andy Harrigan
|
|
Batting: RHB Alex Zamora
|
0-0: Ball 1-0: Foul Ball, location: 2F 1-1: Ball 2-1: Ball 3-1: Foul Ball, location: 2F 3-2: Base on Balls
|
|
Batting: SHB Julio Hernandez
|
0-0: Fly out, F8 (Flyball, 8LM, EV 71.9 MPH)
|
|
Batting: RHB Jason Penfield
|
0-0: Called Strike 0-1: Ball 1-1: Ball 2-1: Fly out, F9 (Flyball, 9, EV 90.6 MPH)
|
|
Batting: RHB Isaiah Easter
|
0-0: Ball 1-0: Ball 2-0: Foul Ball, location: 2F 2-1: Ball 3-1: Base on Balls Alex Zamora to second
|
|
Batting: RHB Khalil Walker
|
0-0: Fielders Choice at 2nd, 6-4 (Groundball, 6, EV 83.8 MPH)
|
| Top of the 2nd over - 0 runs, 0 hits, 0 errors, 2 left on base; Montgomery 0 - Corpus Christi 1 |
| BOTTOM OF THE 2ND |
|
Corpus Christi Hooks batting - Pitching for Montgomery Biscuits : RHP Julio Trejo
|
|
Batting: RHB Alex Campos
|
0-0: Foul Ball, location: 2F 0-1: Ball 1-1: Fly out, F3 (Popup, 3SF, EV 83.1 MPH)
|
|
Batting: RHB Edgar Trejo
|
0-0: Ground out 5-3 (Groundball, 5, EV 79.4 MPH)
|
|
Batting: RHB Sean Mounts
|
0-0: Called Strike 0-1: Foul Ball, location: 2F 0-2: Foul Ball, location: 2F 0-2: Ball 1-2: Ball 2-2: SINGLE (Line Drive, 9S, EV 107.5 MPH)
|
|
Batting: RHB Kieron Clark
|
0-0: Called Strike Sean Mounts steals 2nd, throwing error, E2 Sean Mounts to third 0-1: Ball 1-1: Foul Ball, location: 2F 1-2: Strikes out swinging
|
| Bottom of the 2nd over - 0 runs, 1 hit, 1 error, 1 left on base; Montgomery 0 - Corpus Christi 1 |
| TOP OF THE 3RD |
|
Montgomery Biscuits batting - Pitching for Corpus Christi Hooks : RHP Andy Harrigan
|
|
Batting: RHB Adam Turpin
|
0-0: Ground out 4-3 (Groundball, 4, EV 101.2 MPH)
|
|
Batting: RHB Chris Thorson
|
0-0: Foul Ball, location: 2F 0-1: Foul Ball, location: 2F 0-2: Ball 1-2: Ball 2-2: Ball 3-2: Ground out 4-3 (Groundball, 4S, EV 73.8 MPH)
|
|
Batting: SHB Wayne Hattan
|
0-0: Ball 1-0: Ball 2-0: Ball 3-0: Called Strike 3-1: Foul Ball, location: 2F 3-2: Fly out, F8 (Flyball, 8RM, EV 90.6 MPH)
|
| Top of the 3rd over - 0 runs, 0 hits, 0 errors, 0 left on base; Montgomery 0 - Corpus Christi 1 |
| BOTTOM OF THE 3RD |
|
Corpus Christi Hooks batting - Pitching for Montgomery Biscuits : RHP Julio Trejo
|
|
Batting: RHB Oren Jones
|
0-0: Called Strike 0-1: Swinging Strike 0-2: SINGLE (Groundball, 56S, EV 65.0 MPH) (infield hit)
|
|
Batting: RHB Xavier Castaneda
|
0-0: Called Strike 0-1: Grounds into double play, 4-6-3 (Groundball, 4, EV 101.2 MPH)
|
|
Batting: LHB Glenn Lowther
|
0-0: Foul Ball, location: 2F 0-1: Ball 1-1: SINGLE (Line Drive, 34D, EV 97.5 MPH)
|
|
Batting: LHB Bob Dietz
|
0-0: Ball Glenn Lowther steals 2nd base (no throw) 1-0: Foul Ball, location: 2F 1-1: Called Strike 1-2: Strikes out swinging
|
| Bottom of the 3rd over - 0 runs, 2 hits, 0 errors, 1 left on base; Montgomery 0 - Corpus Christi 1 |
| TOP OF THE 4TH |
|
Montgomery Biscuits batting - Pitching for Corpus Christi Hooks : RHP Andy Harrigan
|
|
Batting: RHB Freddy Mullen
|
0-0: Ball 1-0: Foul Ball, location: 2F 1-1: Swinging Strike 1-2: Fly out, F7 (Line Drive, 78M, EV 100.0 MPH)
|
|
Batting: RHB Alex Zamora
|
0-0: Called Strike 0-1: Ball 1-1: Foul Ball, location: 2F 1-2: DOUBLE (Flyball, 78XD, EV 105.0 MPH)
|
|
Batting: SHB Julio Hernandez
|
0-0: Fly out, F8 (Flyball, 78D, EV 93.8 MPH)
|
|
Batting: RHB Jason Penfield
|
0-0: Ball 1-0: Called Strike 1-1: Ground out 5-3 (Groundball, 5D, EV 96.9 MPH)
|
| Top of the 4th over - 0 runs, 1 hit, 0 errors, 1 left on base; Montgomery 0 - Corpus Christi 1 |
| BOTTOM OF THE 4TH |
|
Corpus Christi Hooks batting - Pitching for Montgomery Biscuits : RHP Julio Trejo
|
|
Batting: RHB Duncan Collins
|
0-0: Called Strike 0-1: SINGLE (Groundball, 34D, EV 110.0 MPH)
|
|
Batting: RHB Alex Campos
|
0-0: Called Strike 0-1: Ball 1-1: Called Strike 1-2: Strikes out swinging
|
|
Batting: RHB Edgar Trejo
|
0-0: Ball 1-0: Swinging Strike 1-1: Fly out, F6 (Line Drive, 6, EV 69.4 MPH)
|
|
Batting: RHB Sean Mounts
|
0-0: Ground out 6-3 (Groundball, 6MS, EV 64.4 MPH)
|
| Bottom of the 4th over - 0 runs, 1 hit, 0 errors, 1 left on base; Montgomery 0 - Corpus Christi 1 |
| TOP OF THE 5TH |
|
Montgomery Biscuits batting - Pitching for Corpus Christi Hooks : RHP Andy Harrigan
|
|
Batting: RHB Isaiah Easter
|
0-0: Ball 1-0: Foul Ball, location: 2F 1-1: Ball 2-1: Ball 3-1: Called Strike 3-2: Base on Balls
|
|
Batting: RHB Khalil Walker
|
0-0: Called Strike 0-1: Foul Ball, location: 2F 0-2: Ball 1-2: Ball 2-2: Foul Ball, location: 2F 2-2: Fly out, F9 (Flyball, 9LD, EV 104.4 MPH)
|
|
Batting: RHB Adam Turpin
|
0-0: Called Strike Isaiah Easter steals 2nd base 0-1: Ball 1-1: Called Strike 1-2: Ball 2-2: Strikes out looking
|
|
Batting: RHB Chris Thorson
|
0-0: Ball 1-0: DOUBLE (Groundball, 5L, EV 103.1 MPH) Isaiah Easter scores
|
|
Batting: SHB Wayne Hattan
|
0-0: Ball 1-0: Ball 2-0: Called Strike 2-1: Foul Ball, location: 2F 2-2: Ball 3-2: Foul Ball, location: 2F 3-2: Foul Ball, location: 2F 3-2: Strikes out swinging, 2-3 out at first.
|
| Top of the 5th over - 1 run, 1 hit, 0 errors, 1 left on base; Montgomery 1 - Corpus Christi 1 |
| BOTTOM OF THE 5TH |
|
Corpus Christi Hooks batting - Pitching for Montgomery Biscuits : RHP Julio Trejo
|
|
Batting: RHB Kieron Clark
|
0-0: Ball 1-0: SINGLE (Line Drive, 56D, EV 96.9 MPH)
|
|
Batting: RHB Oren Jones
|
0-0: SINGLE (Groundball, 6MD, EV 100.0 MPH) Kieron Clark to second
|
|
Batting: RHB Xavier Castaneda
|
0-0: Fly out, F8 (Flyball, 89D, EV 83.1 MPH) Runner from 2nd tags up, SAFE at 3rd, no throw by CF
|
|
Batting: LHB Glenn Lowther
|
0-0: Called Strike Balk! Kieron Clark scores Oren Jones to second 0-1: Fly out, F9 (Flyball, 89S, EV 91.2 MPH)
|
|
Batting: LHB Bob Dietz
|
0-0: Called Strike 0-1: Ball 1-1: Ball 2-1: Ground out 6-3 (Groundball, 6, EV 78.8 MPH)
|
| Bottom of the 5th over - 1 run, 2 hits, 0 errors, 1 left on base; Montgomery 1 - Corpus Christi 2 |
| TOP OF THE 6TH |
|
Montgomery Biscuits batting - Pitching for Corpus Christi Hooks : RHP Andy Harrigan
|
|
Batting: RHB Freddy Mullen
|
0-0: Ball 1-0: Ball 2-0: SINGLE (Line Drive, 89M, EV 91.2 MPH)
|
|
Batting: RHB Alex Zamora
|
0-0: Ball 1-0: Ball 2-0: Ball 3-0: Foul Ball, location: 2F 3-1: Called Strike 3-2: Base on Balls Freddy Mullen to second
|
|
Batting: SHB Julio Hernandez
|
0-0: Ball 1-0: Called Strike 1-1: Foul Ball, location: 2F 1-2: Ball 2-2: Fielders Choice at 2nd, 4-6 (Groundball, 4, EV 80.0 MPH) Freddy Mullen to third
|
|
Pitching: LHP Blaine Whitmore
|
|
|
Batting: RHB Jason Penfield
|
0-0: Ball 1-0: Called Strike 1-1: Foul Ball, location: 2F 1-2: Ball 2-2: Ball 3-2: Base on Balls Julio Hernandez to second
|
|
Batting: RHB Isaiah Easter
|
0-0: Called Strike 0-1: Ball 1-1: Fly out, F8 (Flyball, 8RD, EV 93.1 MPH) Runner from 3rd tags up, SCORES, throw by CF Julio Hernandez to third
|
|
Batting: RHB Khalil Walker
|
0-0: Ball Wild Pitch! Julio Hernandez scores Jason Penfield to second 1-0: Ball 2-0: Ball 3-0: Called Strike 3-1: Foul Ball, location: 2F 3-2: Strikes out looking
|
| Top of the 6th over - 2 runs, 1 hit, 0 errors, 1 left on base; Montgomery 3 - Corpus Christi 2 |
| BOTTOM OF THE 6TH |
|
Corpus Christi Hooks batting - Pitching for Montgomery Biscuits : RHP Julio Trejo
|
|
Batting: RHB Duncan Collins
|
0-0: Called Strike 0-1: Called Strike 0-2: Fly out, F7 (Flyball, 7, EV 92.5 MPH)
|
|
Batting: RHB Alex Campos
|
0-0: Foul Ball, location: 2F 0-1: Ball 1-1: Called Strike 1-2: Foul Ball, location: 2F 1-2: Ball 2-2: Foul Ball, location: 2F 2-2: Strikes out swinging
|
|
Batting: RHB Edgar Trejo
|
0-0: Swinging Strike 0-1: Ball 1-1: DOUBLE (Line Drive, 78D, EV 100.6 MPH)
|
|
Batting: RHB Sean Mounts
|
0-0: Ball 1-0: Fly out, F8 (Flyball, 89D, EV 109.4 MPH)
|
| Bottom of the 6th over - 0 runs, 1 hit, 0 errors, 1 left on base; Montgomery 3 - Corpus Christi 2 |
| TOP OF THE 7TH |
|
Montgomery Biscuits batting - Pitching for Corpus Christi Hooks : LHP Blaine Whitmore
|
|
Pitching: RHP Gerardo Huerta
|
|
|
Batting: RHB Adam Turpin
|
0-0: Called Strike 0-1: Foul Ball, location: 2F 0-2: Ball 1-2: Foul Ball, location: 2F 1-2: Strikes out swinging
|
|
Batting: RHB Chris Thorson
|
0-0: Foul Ball, location: 2F 0-1: Ball 1-1: Called Strike 1-2: Ball 2-2: Ground out 4-3 (Groundball, 4, EV 86.2 MPH)
|
|
Batting: SHB Wayne Hattan
|
0-0: Ball 1-0: Ball 2-0: Called Strike 2-1: Foul Ball, location: 2F 2-2: Foul Ball, location: 2F 2-2: Foul Ball, location: 2F 2-2: Ball 3-2: SINGLE (Groundball, 4D, EV 100.0 MPH)
|
|
Batting: RHB Freddy Mullen
|
0-0: Called Strike 0-1: Ball 1-1: Called Strike 1-2: Foul Ball, location: 2F 1-2: Ball 2-2: Ground out 4-3 (Groundball, 34, EV 109.4 MPH)
|
| Top of the 7th over - 0 runs, 1 hit, 0 errors, 1 left on base; Montgomery 3 - Corpus Christi 2 |
| BOTTOM OF THE 7TH |
|
Corpus Christi Hooks batting - Pitching for Montgomery Biscuits : RHP Julio Trejo
|
|
Batting: RHB Kieron Clark
|
0-0: Swinging Strike 0-1: Ball 1-1: Foul Ball, location: 2F 1-2: Ball 2-2: Ball 3-2: Foul Ball, location: 2F 3-2: Base on Balls
|
|
Batting: RHB Oren Jones
|
0-0: Ball 1-0: Ball 2-0: Called Strike 2-1: Ball 3-1: Swinging Strike 3-2: Base on Balls Kieron Clark to second
|
|
Batting: RHB Xavier Castaneda
|
0-0: Ball 1-0: Swinging Strike 1-1: Foul Ball, location: 2F 1-2: Ball 2-2: Strikes out swinging
|
|
Batting: LHB Glenn Lowther
|
0-0: Foul Ball, location: 2F 0-1: Foul Ball, location: 2F 0-2: Strikes out looking
|
|
Pitching: RHP Virgil Laverick
|
|
|
Batting: LHB Bob Dietz
|
0-0: Ball 1-0: Fly out, F9 (Flyball, 9, EV 91.2 MPH)
|
| Bottom of the 7th over - 0 runs, 0 hits, 0 errors, 2 left on base; Montgomery 3 - Corpus Christi 2 |
| TOP OF THE 8TH |
|
Montgomery Biscuits batting - Pitching for Corpus Christi Hooks : RHP Gerardo Huerta
|
|
Batting: RHB Alex Zamora
|
0-0: Ball 1-0: Called Strike 1-1: Ball 2-1: Foul Ball, location: 2F 2-2: Strikes out swinging
|
|
Batting: SHB Julio Hernandez
|
0-0: Called Strike 0-1: Foul Ball, location: 2F 0-2: Ball 1-2: Ground out U3 (Groundball, 34, EV 99.4 MPH)
|
|
Batting: RHB Jason Penfield
|
0-0: Ball 1-0: Ball 2-0: Called Strike 2-1: Foul Ball, location: 2F 2-2: Ball 3-2: Ground out 5-3 (Groundball, 5, EV 86.9 MPH)
|
| Top of the 8th over - 0 runs, 0 hits, 0 errors, 0 left on base; Montgomery 3 - Corpus Christi 2 |
| BOTTOM OF THE 8TH |
|
Corpus Christi Hooks batting - Pitching for Montgomery Biscuits : RHP Virgil Laverick
|
|
Batting: RHB Duncan Collins
|
0-0: Called Strike 0-1: Foul Ball, location: 2F 0-2: Ball 1-2: Ball 2-2: Foul Ball, location: 2F 2-2: Fly out, F8 (Flyball, 8LD, EV 85.0 MPH)
|
|
Batting: RHB Alex Campos
|
0-0: Ball 1-0: Called Strike 1-1: Called Strike 1-2: Ball 2-2: SINGLE (Line Drive, 7LM, EV 98.1 MPH)
|
|
Pitching: RHP Jeremy Price
|
|
|
Batting: RHB Edgar Trejo
|
0-0: Ball 1-0: Swinging Strike 1-1: Ball 2-1: SINGLE (Groundball, 56D, EV 95.0 MPH) Alex Campos to second
|
|
Batting: RHB Sean Mounts
|
0-0: SINGLE (Groundball, 4, EV 100.0 MPH) Alex Campos to third Edgar Trejo to second Runner from 3rd tries for Home, SAFE, throw by CF to home
|
|
Batting: RHB Kieron Clark
|
0-0: Ball 1-0: Called Strike 1-1: Swinging Strike 1-2: Ball 2-2: Strikes out swinging
|
|
Batting: RHB Oren Jones
|
0-0: Ground out U3 (Groundball, 34, EV 78.8 MPH)
|
| Bottom of the 8th over - 1 run, 3 hits, 0 errors, 2 left on base; Montgomery 3 - Corpus Christi 3 |
| TOP OF THE 9TH |
|
Montgomery Biscuits batting - Pitching for Corpus Christi Hooks : RHP Gerardo Huerta
|
|
Pitching: RHP Bobby Leija
|
|
|
Batting: RHB Isaiah Easter
|
0-0: Ball 1-0: SINGLE (Groundball, 4MD, EV 101.9 MPH)
|
|
Batting: RHB Khalil Walker
|
0-0: Ball 1-0: Bunt missed! 1-1: Sac Bunt to 25 - play at first, batter OUT! 5-3 Isaiah Easter to second
|
|
Batting: RHB Adam Turpin
|
0-0: Ball 1-0: Called Strike 1-1: Ball 2-1: Called Strike 2-2: Strikes out swinging
|
|
Batting: RHB Chris Thorson
|
0-0: Called Strike 0-1: Swinging Strike 0-2: Ball 1-2: Strikes out swinging
|
| Top of the 9th over - 0 runs, 1 hit, 0 errors, 1 left on base; Montgomery 3 - Corpus Christi 3 |
| BOTTOM OF THE 9TH |
|
Corpus Christi Hooks batting - Pitching for Montgomery Biscuits : RHP Jeremy Price
|
|
Batting: RHB Xavier Castaneda
|
0-0: Swinging Strike 0-1: Foul Ball, location: 2F 0-2: Ground out 1-3 (Groundball, 13S, EV 71.2 MPH)
|
|
Batting: LHB Glenn Lowther
|
0-0: Ground out 6-3 (Groundball, 6, EV 111.2 MPH)
|
|
Batting: LHB Bob Dietz
|
0-0: Ball 1-0: Foul Ball, location: 2F 1-1: Ball 2-1: Ball 3-1: Foul Ball, location: 2F 3-2: Fly out, F5 (Line Drive, 5, EV 71.2 MPH)
|
| Bottom of the 9th over - 0 runs, 0 hits, 0 errors, 0 left on base; Montgomery 3 - Corpus Christi 3 |
| TOP OF THE 10TH |
|
Montgomery Biscuits batting - Pitching for Corpus Christi Hooks : RHP Bobby Leija
|
|
Batting: SHB Wayne Hattan
|
0-0: Foul Ball, location: 2F 0-1: Ball 1-1: Called Strike 1-2: Fly out, F7 (Flyball, 7D, EV 98.1 MPH)
|
|
Batting: RHB Freddy Mullen
|
0-0: Ball 1-0: Ball 2-0: Called Strike 2-1: SINGLE (Line Drive, 56, EV 96.9 MPH)
|
|
Batting: RHB Alex Zamora
|
0-0: Ball 1-0: Ball 2-0: Called Strike 2-1: Fly out, F7 (Flyball, 7D, EV 88.8 MPH)
|
|
Pitching: RHP Willie Jimenez
|
|
|
Batting: SHB Julio Hernandez
|
0-0: Ball 1-0: Ball 2-0: Ball 3-0: Called Strike 3-1: Called Strike 3-2: Strikes out swinging
|
| Top of the 10th over - 0 runs, 1 hit, 0 errors, 1 left on base; Montgomery 3 - Corpus Christi 3 |
| BOTTOM OF THE 10TH |
|
Corpus Christi Hooks batting - Pitching for Montgomery Biscuits : RHP Jeremy Price
|
|
Pitching: RHP David Espinosa
|
|
|
Batting: RHB Duncan Collins
|
0-0: Ball 1-0: Ball 2-0: Called Strike 2-1: Ball 3-1: Swinging Strike 3-2: Foul Ball, location: 2F 3-2: Fly out, F7 (Flyball, 78D, EV 103.1 MPH)
|
|
Batting: RHB Alex Campos
|
0-0: Called Strike 0-1: Ground out 5-3 (Groundball, 56, EV 83.8 MPH)
|
|
Batting: RHB Edgar Trejo
|
0-0: Ball 1-0: Swinging Strike 1-1: Swinging Strike 1-2: Foul Ball, location: 2F 1-2: Ball 2-2: Foul Ball, location: 2F 2-2: Ball 3-2: Base on Balls
|
|
Batting: RHB Sean Mounts
|
0-0: Ball 1-0: Foul Ball, location: 2F 1-1: Fly out, F7 (Flyball, 7, EV 73.1 MPH)
|
| Bottom of the 10th over - 0 runs, 0 hits, 0 errors, 1 left on base; Montgomery 3 - Corpus Christi 3 |
| TOP OF THE 11TH |
|
Montgomery Biscuits batting - Pitching for Corpus Christi Hooks : RHP Willie Jimenez
|
|
Pinch Hitting: LHB Rich Matthews
|
0-0: Ball 1-0: Called Strike 1-1: Ball 2-1: Ball 3-1: Foul Ball, location: 2F 3-2: Base on Balls
|
|
Batting: RHB Isaiah Easter
|
0-0: Called Strike Rich Matthews is caught stealing 2nd base 2-4 0-1: Foul Ball, location: 2F 0-2: Fly out, F8 (Flyball, 89S, EV 93.1 MPH)
|
|
Batting: RHB Khalil Walker
|
0-0: Ball 1-0: Ball 2-0: Ball 3-0: Called Strike 3-1: Ground out 6-3 (Groundball, 6, EV 90.0 MPH)
|
| Top of the 11th over - 0 runs, 0 hits, 0 errors, 0 left on base; Montgomery 3 - Corpus Christi 3 |
| BOTTOM OF THE 11TH |
|
Corpus Christi Hooks batting - Pitching for Montgomery Biscuits : RHP David Espinosa
|
|
Now at 1B: Dave Galloway
|
|
|
Now at 3B: Chris Thorson
|
|
|
Batting: RHB Kieron Clark
|
0-0: Called Strike 0-1: Ground out 6-3 (Groundball, 6, EV 83.1 MPH)
|
|
Batting: RHB Oren Jones
|
0-0: Ball 1-0: Ball 2-0: Called Strike 2-1: Ball 3-1: SINGLE (Groundball, 4MD, EV 93.8 MPH)
|
|
Batting: RHB Xavier Castaneda
|
0-0: Fly out, F9 (Flyball, 9D, EV 95.6 MPH)
|
|
Batting: LHB Glenn Lowther
|
0-0: Swinging Strike 0-1: Foul Ball, location: 2F 0-2: Ball 1-2: Ball 2-2: Ground out 4-3 (Groundball, 4, EV 82.5 MPH)
|
| Bottom of the 11th over - 0 runs, 1 hit, 0 errors, 1 left on base; Montgomery 3 - Corpus Christi 3 |
| TOP OF THE 12TH |
|
Montgomery Biscuits batting - Pitching for Corpus Christi Hooks : RHP Willie Jimenez
|
|
Batting: RHB Adam Turpin
|
0-0: Ball 1-0: Ball 2-0: Foul Ball, location: 2F 2-1: Ground out 5-3 (Groundball, P, EV 90.6 MPH)
|
|
Batting: RHB Chris Thorson
|
0-0: Ball 1-0: Ground out 6-3 (Groundball, 6, EV 101.9 MPH)
|
|
Batting: SHB Wayne Hattan
|
0-0: Reached on error, E4 (Groundball, 4, EV 80.6 MPH)
|
|
Batting: RHB Freddy Mullen
|
0-0: Foul Ball, location: 2F 0-1: Fly out, F7 (Flyball, 78S, EV 88.8 MPH)
|
| Top of the 12th over - 0 runs, 0 hits, 1 error, 1 left on base; Montgomery 3 - Corpus Christi 3 |
| BOTTOM OF THE 12TH |
|
Corpus Christi Hooks batting - Pitching for Montgomery Biscuits : RHP David Espinosa
|
|
Batting: LHB Bob Dietz
|
0-0: Swinging Strike 0-1: Foul Ball, location: 2F 0-2: SINGLE (Groundball, 5S, EV 70.6 MPH) (infield hit)
|
|
Batting: RHB Duncan Collins
|
0-0: Grounds into double play, 1-6-3 (Groundball, 13S, EV 56.9 MPH)
|
|
Batting: RHB Alex Campos
|
0-0: Foul Ball, location: 2F 0-1: Fly out, F8 (Flyball, 8RM, EV 90.0 MPH)
|
| Bottom of the 12th over - 0 runs, 1 hit, 0 errors, 0 left on base; Montgomery 3 - Corpus Christi 3 |
| TOP OF THE 13TH |
|
Montgomery Biscuits batting - Pitching for Corpus Christi Hooks : RHP Willie Jimenez
|
|
Pitching: RHP Zack Evans
|
|
|
Batting: RHB Alex Zamora
|
0-0: Called Strike 0-1: Ground out 6-3 (Groundball, 6, EV 100.6 MPH)
|
|
Batting: SHB Julio Hernandez
|
0-0: Called Strike 0-1: Foul Ball, location: 2F 0-2: Foul Ball, location: 2F 0-2: Ball 1-2: Foul Ball, location: 2F 1-2: Strikes out swinging
|
|
Batting: RHB Dave Galloway
|
0-0: Ball 1-0: Ground out 5-3 (Groundball, 56, EV 83.8 MPH)
|
| Top of the 13th over - 0 runs, 0 hits, 0 errors, 0 left on base; Montgomery 3 - Corpus Christi 3 |
| BOTTOM OF THE 13TH |
|
Corpus Christi Hooks batting - Pitching for Montgomery Biscuits : RHP David Espinosa
|
|
Batting: RHB Edgar Trejo
|
0-0: Ball 1-0: Swinging Strike 1-1: Fly out, F7 (Flyball, 7, EV 86.2 MPH)
|
|
Batting: RHB Sean Mounts
|
0-0: Called Strike 0-1: Called Strike 0-2: Ball 1-2: Ball 2-2: Foul Ball, location: 2F 2-2: Strikes out swinging
|
|
Batting: RHB Kieron Clark
|
0-0: Ground out 5-3 (Groundball, 56, EV 81.9 MPH)
|
| Bottom of the 13th over - 0 runs, 0 hits, 0 errors, 0 left on base; Montgomery 3 - Corpus Christi 3 |
| TOP OF THE 14TH |
|
Montgomery Biscuits batting - Pitching for Corpus Christi Hooks : RHP Zack Evans
|
|
Batting: RHB Isaiah Easter
|
0-0: Ground out 6-3 (Groundball, 56D, EV 101.9 MPH)
|
|
Batting: RHB Khalil Walker
|
0-0: Swinging Strike 0-1: Ball 1-1: Ball 2-1: Swinging Strike 2-2: Strikes out swinging
|
|
Batting: RHB Adam Turpin
|
0-0: Ball 1-0: Swinging Strike 1-1: Called Strike 1-2: Strikes out swinging
|
| Top of the 14th over - 0 runs, 0 hits, 0 errors, 0 left on base; Montgomery 3 - Corpus Christi 3 |
| BOTTOM OF THE 14TH |
|
Corpus Christi Hooks batting - Pitching for Montgomery Biscuits : RHP David Espinosa
|
|
Pitching: RHP Jesse Rosa
|
|
|
Batting: RHB Oren Jones
|
0-0: Swinging Strike 0-1: Swinging Strike 0-2: Fly out, F9 (Flyball, 9D, EV 100.6 MPH)
|
|
Batting: RHB Xavier Castaneda
|
0-0: Called Strike 0-1: Ball 1-1: Ball 2-1: Ball 3-1: Swinging Strike 3-2: Fly out, F8 (Line Drive, 8LM, EV 94.4 MPH)
|
|
Batting: LHB Glenn Lowther
|
0-0: Called Strike 0-1: Ball 1-1: SINGLE (Groundball, 4MD, EV 106.2 MPH)
|
|
Batting: LHB Bob Dietz
|
0-0: Ball Glenn Lowther steals 2nd base 1-0: Swinging Strike 1-1: Swinging Strike 1-2: Foul Ball, location: 2F 1-2: Strikes out swinging
|
| Bottom of the 14th over - 0 runs, 1 hit, 0 errors, 1 left on base; Montgomery 3 - Corpus Christi 3 |
| TOP OF THE 15TH |
|
Montgomery Biscuits batting - Pitching for Corpus Christi Hooks : RHP Zack Evans
|
|
Batting: RHB Chris Thorson
|
0-0: Called Strike 0-1: Swinging Strike 0-2: Ball 1-2: Ground out 5-3 (Groundball, 5, EV 78.8 MPH)
|
|
Batting: SHB Wayne Hattan
|
0-0: Ball 1-0: Fly out, F3 (Line Drive, 34, EV 74.4 MPH)
|
|
Batting: RHB Freddy Mullen
|
0-0: Called Strike 0-1: Called Strike 0-2: Ball 1-2: Ball 2-2: Ball 3-2: Strikes out swinging
|
| Top of the 15th over - 0 runs, 0 hits, 0 errors, 0 left on base; Montgomery 3 - Corpus Christi 3 |
| BOTTOM OF THE 15TH |
|
Corpus Christi Hooks batting - Pitching for Montgomery Biscuits : RHP Jesse Rosa
|
|
Batting: RHB Duncan Collins
|
0-0: Called Strike 0-1: Called Strike 0-2: Strikes out swinging
|
|
Batting: RHB Alex Campos
|
0-0: Called Strike 0-1: Ball 1-1: Ball 2-1: Ball 3-1: Foul Ball, location: 2F 3-2: Ground out 6-3 (Groundball, 6M, EV 88.1 MPH)
|
|
Batting: RHB Edgar Trejo
|
0-0: Foul Ball, location: 2F 0-1: Fly out, F8 (Flyball, 8LD, EV 102.5 MPH)
|
| Bottom of the 15th over - 0 runs, 0 hits, 0 errors, 0 left on base; Montgomery 3 - Corpus Christi 3 |
| TOP OF THE 16TH |
|
Montgomery Biscuits batting - Pitching for Corpus Christi Hooks : RHP Zack Evans
|
|
Batting: RHB Alex Zamora
|
0-0: Foul Ball, location: 2F 0-1: Ball 1-1: Ball 2-1: Swinging Strike 2-2: Ball 3-2: Strikes out swinging
|
|
Batting: SHB Julio Hernandez
|
0-0: Swinging Strike 0-1: Foul Ball, location: 2F 0-2: Strikes out swinging
|
|
Pitching: RHP Brian Trejo
|
|
|
Batting: RHB Dave Galloway
|
0-0: Ball 1-0: SINGLE (Groundball, 56D, EV 109.4 MPH)
|
|
Batting: RHB Isaiah Easter
|
0-0: Ball 1-0: Ball 2-0: Called Strike 2-1: Ball 3-1: Base on Balls Dave Galloway to second
|
|
Batting: RHB Khalil Walker
|
0-0: Ball 1-0: Ball 2-0: Called Strike 2-1: Ground out 4-3 (Groundball, 34, EV 87.5 MPH)
|
| Top of the 16th over - 0 runs, 1 hit, 0 errors, 2 left on base; Montgomery 3 - Corpus Christi 3 |
| BOTTOM OF THE 16TH |
|
Corpus Christi Hooks batting - Pitching for Montgomery Biscuits : RHP Jesse Rosa
|
|
Batting: RHB Sean Mounts
|
0-0: Called Strike 0-1: Ball 1-1: Foul Ball, location: 2F 1-2: Foul Ball, location: 2F 1-2: Ball 2-2: Strikes out swinging
|
|
Batting: RHB Kieron Clark
|
0-0: Called Strike 0-1: Foul Ball, location: 2F 0-2: Ball 1-2: Foul Ball, location: 2F 1-2: Ball 2-2: Foul Ball, location: 2F 2-2: Foul Ball, location: 2F 2-2: Ball 3-2: Base on Balls
|
|
Pitching: RHP Cameron Bianchi
|
|
|
Batting: RHB Oren Jones
|
0-0: Ball 1-0: Grounds into double play, 6-4-3 (Groundball, 6, EV 90.0 MPH)
|
| Bottom of the 16th over - 0 runs, 0 hits, 0 errors, 0 left on base; Montgomery 3 - Corpus Christi 3 |
| TOP OF THE 17TH |
|
Montgomery Biscuits batting - Pitching for Corpus Christi Hooks : RHP Brian Trejo
|
|
Batting: RHB Adam Turpin
|
0-0: Called Strike 0-1: Ball 1-1: Foul Ball, location: 2F 1-2: Foul Ball, location: 2F 1-2: Ball 2-2: Ground out 6-3 (Groundball, 6, EV 92.5 MPH)
|
|
Batting: RHB Chris Thorson
|
0-0: Ball 1-0: Ball 2-0: Ball 3-0: Foul Ball, location: 2F 3-1: Base on Balls
|
|
Batting: SHB Wayne Hattan
|
0-0: Ball 1-0: Foul Ball, location: 2F 1-1: Ball 2-1: Ground out 4-3 (Groundball, 34, EV 82.5 MPH) Chris Thorson to second
|
|
Batting: RHB Freddy Mullen
|
0-0: Ground out 5-3 (Groundball, 5S, EV 63.8 MPH)
|
| Top of the 17th over - 0 runs, 0 hits, 0 errors, 1 left on base; Montgomery 3 - Corpus Christi 3 |
| BOTTOM OF THE 17TH |
|
Corpus Christi Hooks batting - Pitching for Montgomery Biscuits : RHP Cameron Bianchi
|
|
Batting: RHB Xavier Castaneda
|
0-0: Ball 1-0: Foul Ball, location: 2F 1-1: Foul Ball, location: 2F 1-2: Ball 2-2: Ball 3-2: Fly out, F6 (Line Drive, 6, EV 70.0 MPH)
|
|
Batting: LHB Glenn Lowther
|
0-0: Ball 1-0: Ball 2-0: Ball 3-0: Foul Ball, location: 2F 3-1: Foul Ball, location: 2F 3-2: Fly out, F8 (Flyball, 8RS, EV 76.2 MPH)
|
|
Batting: LHB Bob Dietz
|
0-0: Called Strike 0-1: Swinging Strike 0-2: Strikes out swinging
|
| Bottom of the 17th over - 0 runs, 0 hits, 0 errors, 0 left on base; Montgomery 3 - Corpus Christi 3 |
| TOP OF THE 18TH |
|
Montgomery Biscuits batting - Pitching for Corpus Christi Hooks : RHP Brian Trejo
|
|
Batting: RHB Alex Zamora
|
0-0: Ball 1-0: Ball 2-0: Ball 3-0: Called Strike 3-1: Base on Balls
|
|
Batting: SHB Julio Hernandez
|
0-0: Bunted foul 0-1: Bunted foul 0-2: Ball 1-2: Foul Ball, location: 2F 1-2: Grounds into double play, 6-4-3 (Groundball, 6, EV 88.8 MPH)
|
|
Batting: RHB Dave Galloway
|
0-0: Ball 1-0: Called Strike 1-1: Ball 2-1: Ground out 4-3 (Groundball, 4, EV 84.4 MPH)
|
| Top of the 18th over - 0 runs, 0 hits, 0 errors, 0 left on base; Montgomery 3 - Corpus Christi 3 |
| BOTTOM OF THE 18TH |
|
Corpus Christi Hooks batting - Pitching for Montgomery Biscuits : RHP Cameron Bianchi
|
|
Batting: RHB Duncan Collins
|
0-0: Ball 1-0: Foul Ball, location: 2F 1-1: Swinging Strike 1-2: Ball 2-2: Ball 3-2: Ground out 1-3 (Groundball, 15S, EV 67.5 MPH)
|
|
Batting: RHB Alex Campos
|
0-0: SINGLE (Line Drive, 3D, EV 96.2 MPH)
|
|
Batting: RHB Edgar Trejo
|
0-0: Ball 1-0: Foul Ball, location: 2F 1-1: Called Strike 1-2: Ball 2-2: Ball 3-2: Fielders Choice at 2nd, 1-4 (Groundball, 15S, EV 66.9 MPH)
|
|
Batting: RHB Sean Mounts
|
0-0: Ball 1-0: Swinging Strike 1-1: Ball 2-1: Called Strike 2-2: SINGLE (Groundball, 4D, EV 100.6 MPH) Edgar Trejo to second Runner from 2nd tries for 3rd, SAFE, throw by RF made to third
|
|
Batting: RHB Kieron Clark
|
0-0: Ball 1-0: Foul Ball, location: 2F 1-1: Ball 2-1: Swinging Strike 2-2: Foul Ball, location: 2F 2-2: Ground out 5-3 (Groundball, 5S, EV 83.8 MPH)
|
| Bottom of the 18th over - 0 runs, 2 hits, 0 errors, 2 left on base; Montgomery 3 - Corpus Christi 3 |
| TOP OF THE 19TH |
|
Montgomery Biscuits batting - Pitching for Corpus Christi Hooks : RHP Brian Trejo
|
|
Batting: RHB Isaiah Easter
|
0-0: Foul Ball, location: 2F 0-1: Ball 1-1: Ball 2-1: Ball 3-1: SINGLE (Line Drive, 3D, EV 95.6 MPH)
|
|
Batting: RHB Khalil Walker
|
0-0: Ball 1-0: Reached on error, E5 (Groundball, 5S, EV 43.8 MPH) Isaiah Easter to second
|
|
Batting: RHB Adam Turpin
|
0-0: Bunt missed! 0-1: Bunted foul 0-2: Ball 1-2: DOUBLE (Flyball, 78D, EV 103.1 MPH) Isaiah Easter scores Khalil Walker to third Runner from 3rd tries for Home, SAFE, throw by LF to home
|
|
Pitching: RHP Jayson Campbell
|
|
|
Batting: RHB Chris Thorson
|
0-0: Ball 1-0: Sac Bunt to 15S - play at first, batter OUT! 1-3 Adam Turpin to third
|
|
Batting: SHB Wayne Hattan
|
0-0: Intentional Walk
|
|
Batting: RHB Freddy Mullen
|
0-0: Ball 1-0: Foul Ball, location: 2F 1-1: Foul Ball, location: 2F 1-2: SINGLE (Groundball, 34D, EV 95.0 MPH) Adam Turpin scores Wayne Hattan to second Runner from 2nd tries for 3rd, SAFE, no throw by RF
|
|
Batting: RHB Alex Zamora
|
0-0: Ball 1-0: Fly out, F9 (Flyball, 89M, EV 78.1 MPH)
|
|
Batting: SHB Julio Hernandez
|
0-0: Ball 1-0: Swinging Strike 1-1: Ball 2-1: SINGLE (Groundball, 34D, EV 108.8 MPH) Wayne Hattan scores Freddy Mullen to second Runner from 2nd tries for 3rd, SAFE, throw by RF made to third
|
|
Batting: RHB Dave Galloway
|
0-0: Ball 1-0: Foul Ball, location: 2F 1-1: Ball 2-1: Swinging Strike 2-2: Strikes out looking
|
| Top of the 19th over - 4 runs, 4 hits, 1 error, 2 left on base; Montgomery 7 - Corpus Christi 3 |
| BOTTOM OF THE 19TH |
|
Corpus Christi Hooks batting - Pitching for Montgomery Biscuits : RHP Cameron Bianchi
|
|
Batting: RHB Oren Jones
|
0-0: Ball 1-0: Ball 2-0: Fly out, F8 (Flyball, 8RXD, EV 108.8 MPH)
|
|
Batting: RHB Xavier Castaneda
|
0-0: Ground out U3 (Groundball, 34, EV 106.9 MPH)
|
|
Batting: LHB Glenn Lowther
|
0-0: Ball 1-0: Called Strike 1-1: Ball 2-1: Ground out 5-3 (Groundball, 5, EV 85.0 MPH)
|
| Bottom of the 19th over - 0 runs, 0 hits, 0 errors, 0 left on base; Montgomery 7 - Corpus Christi 3 |
|